 Dungeon Crawl Stone Soup version 0.23.0-3-gf3c87f2 (webtiles) character file.

Game seed: 9679780145144070665

46 melvinkitnick the Chopper (level 3, -9/33 HPs)
             Began as a Deep Dwarf Fighter on Feb 24, 2019.
             Mangled by an ogre
             ... wielding a +0 giant club
              (28 damage)
             ... on level 2 of the Dungeon.
             The game lasted 00:01:14 (813 turns).

melvinkitnick the Chopper (Deep Dwarf Fighter)       Turns: 813, Time: 00:01:15

Health: -9/33      AC:  6    Str: 25    XL:     3   Next: 46%
Magic:  2/2        EV:  7    Int:  8    God:
Gold:   29         SH: 10    Dex: 12    Spells: 2/2 levels left

rFire    . . .     SeeInvis .   a - +0 war axe
rCold    . . .     Gourm    .   c - +0 shield
rNeg     . . .     Faith    .   b - +0 scale mail
rPois    .         Spirit   .   (no helmet)
rElec    .         Reflect  .   (no cloak)
rCorr    .         Harm     .   (no gloves)
MR       .....                  (no boots)
Stlth    ..........             (no amulet)
HPRegen  0.00/turn              e - +3 ring of strength
MPRegen  0.08/turn              j - +2 ring of strength

@: non-regenerating
A: damage resistance, heal wounds, sense surroundings 1, no regeneration
a: Heal Wounds


You were on level 2 of the Dungeon.
You were not hungry.

You visited 1 branch of the dungeon, and saw 2 of its levels.

You collected 29 gold pieces.

Inventory:

Hand Weapons
 a - a +0 war axe (weapon)
Armour
 b - a +0 scale mail (worn)
 c - a +0 shield (worn)
Jewellery
 e - a +3 ring of strength (left hand)
 j - a +2 ring of strength (right hand)
Scrolls
 g - 3 scrolls of identify {unknown}
 k - 3 scrolls of teleportation {unknown}
 l - a scroll of enchant armour {unknown}
Potions
 d - a potion of might
 h - 2 potions of ambrosia {unknown}
 i - 2 potions of curing {unknown}
 m - a potion of heal wounds {unknown}
 n - a potion of lignification {unknown}
Comestibles
 f - 3 rations
 o - 2 chunks of flesh


   Skills:
 - Level 2.6 Fighting
 * Level 4.3 Axes
 - Level 3.2 Armour
 - Level 3.2 Shields


You had 2 spell levels left.
You didn't know any spells.
Your spell library was empty.

Dungeon Overview and Level Annotations

Branches:
Dungeon (2/15)

Altars:
Yredelemnul


Innate Abilities, Weirdness & Mutations

You are resistant to damage.
You can heal yourself by infusing magical energy.
You passively map a small area around you.
You do not regenerate.


Message History

a +0 club; a hobgoblin skeleton You butcher the rat corpse.
o - 2 chunks of flesh (gained 1)
You see here a rat skeleton. x2
You now have 29 gold pieces (gained 10).
k - 3 scrolls labeled ETAPHI SEPSEFI (gained 1)
An ogre comes into view. It is wielding a +0 giant club.
The ogre shouts!
An ogre is nearby!
An ogre is nearby!
An ogre is nearby!
You fail to use your ability.
Your magical essence is drained by the effort!
You feel much better.
You barely miss the ogre. You block the ogre's attack.
You barely miss the ogre. The ogre hits you with a +0 giant club!
You slash the ogre!
The ogre hits you with a +0 giant club!!
Ouch! That really hurt!
You die...

, , , ,, +
........# *
........#
........# ,
........#
........#
#.........#
#........O#
#........@#
#.........# *
#....<....#
#.........#
####.........##
#.............#
*
#.............#
#.............#
, *#.......####


You could see an ogre.

Vanquished Creatures
  An adder (D:2)
  An ooze (D:2)
  A worm (D:2)
  A dart slug (D:2)
  4 bats (D:1)
  A giant cockroach (D:1)
  3 goblins (D:1)
  5 hobgoblins
  3 kobolds
  A quokka (D:2)
  A ball python (D:1)
  5 rats
27 creatures vanquished.

Notes
Turn   | Place    | Note
-------+----------+-------------------------------------------
     0 | D:1      | melvinkitnick the Deep Dwarf Fighter began the quest for
                  | the Orb.
     0 | D:1      | Reached XP level 1. HP: 20/20 MP: 1/1
   116 | D:1      | Reached skill level 3 in Axes
   116 | D:1      | Reached XP level 2. HP: 27/27 MP: 2/2
   554 | D:2      | Reached XP level 3. HP: 25/33 MP: 3/3
   555 | D:2      | Reached skill level 4 in Axes
   648 | D:2      | Found a basalt altar of Yredelemnul.
   805 | D:2      | Noticed an ogre
   813 | D:2      | Mangled by an ogre

Skill      XL: |  1  2  3 |
---------------+----------+-----
Axes           | 3 4 |  4.3
Fighting       | |  2.6
Armour         | |  3.2
Shields        | |  3.2

Action                   || total
-------------------------++-------
Melee: War axe           ||    78
 Abil: Heal Wounds       ||     1
Armor: Scale mail        ||    32
Dodge: Dodged            ||    26
Block: Shield            ||    46
